 Dungeon Crawl Stone Soup version 0.31-a0-1009-g454b1f1e0a (webtiles) character file.

Game seed: 9012496683145309156

75 Dirtsage the Trooper (level 4, -1/36 HPs)
             Began as a Demonspawn Berserker on Nov 13, 2023.
             Was a Believer of Trog.
             Killed by divine providence
             ... invoked by an orc priest
              (12 damage)
             ... on level 3 of the Dungeon.
             The game lasted 00:03:11 (1511 turns).

Dirtsage the Trooper (Demonspawn Berserker)         Turns: 1511, Time: 00:03:11

Health: -1/36      AC: 15    Str: 19    XL:     4   Next: 11%
Magic:  4/4        EV:  8    Int:  9    God:    Trog [**....]
Gold:   194        SH:  0    Dex: 12    Spells: 3/3 levels left

rFire   . .          .
                       - Unarmed
rCold   . . .        (no shield)
rNeg    . . .        k - +3 chain mail of Vicil {Drain rPois Regen+}
rPois   +            (no helmet)
rElec   .            (no cloak)
rCorr   .            (no gloves)
SInv    .            (no boots)
Will    .....        (no amulet) Stlth
                     c - +4 ring of protection
HPRegen 1.06/turn    (no ring)
MPRegen 0.09/turn

%: no passive effects
@: no status effects
A: claws 2, powered by pain 1
a: Renounce Religion, Berserk, Trog's Hand


You were on level 3 of the Dungeon.
You worshipped Trog.
Trog was pleased with you.
You visited 1 branch of the dungeon, and saw 3 of its levels.

You collected 194 gold pieces.

Inventory:

Armour
 b - a +0 animal skin
 j - a +0 ring mail
 k - the +3 chain mail of Vicil (worn) {Drain rPois Regen+}
   (You found it on level 2 of the Dungeon)

   rPois:     It protects you from poison Regen+: It increases your rate of
   health regeneration.
   Drain:     It drains your maximum health when unequipped.
Jewellery
 c - a +4 ring of protection (left claw)
Talismans
 m - a beast talisman
Scrolls
 e - a scroll of enchant armour {unknown}
 f - a scroll of enchant weapon {unknown}
 g - a scroll of identify {unknown}
 h - a scroll of noise {unknown}
 q - a scroll of vulnerability {unknown}
Potions
 a - a potion of degeneration {unknown}
 d - a potion of brilliance {unknown}
 i - a potion of mutation {unknown}
 l - a potion of might {unknown}
 n - a potion of curing {unknown}
 o - a potion of ambrosia {unknown}
 p - a potion of invisibility {unknown}


   Skills:
 - Level 3.6 Fighting
 - Level 3.3 Axes
 - Level 1.7 Armour
 - Level 1.7 Dodging
 * Level 2.0 Unarmed Combat


You had 3 spell levels left.
You didn't know any spells.
Your spell library contained the following spells:

 Spells                   Type           Power      Damage    Failure   Level
 Freeze                   Ice            0%         1d3       98%         1
 Ensorcelled Hibernation  Hex/Ice        0%         N/A       99%         2
 Passwall                 Tmut/Erth      0%         N/A       99%         2
 Frozen Ramparts          Ice            0%         1d1       100%        3
 Hailstorm                Conj/Ice       0%         3d3       100%        3
 Swiftness                Air            0%         N/A       100%        3


Dungeon Overview and Level Annotations

Branches:
Dungeon (3/15)

Altars:


Innate Abilities, Weirdness & Mutations

You have very sharp fingernails.
You sometimes gain a little power by taking damage.


Message History

The orc priest burns you.
You take 7 damage, and have 28/36 hp.
You scratch the orc.
The orc is almost dead.
The orc priest mumbles some strange prayers to Beogh against you.
Beogh smites you!
You take 9 damage, and have 19/36 hp.
MASSIVE DAMAGE!!
You scratch the orc.
You kill the orc!
Trog accepts your kill.
The orc priest hits you from afar with a +0 trident of flaming.
The orc priest burns you.
You take 5 damage, and have 14/36 hp.
You claw the quokka!
You kill the quokka!
Trog accepts your kill. The orc priest barely misses you.
You closely miss the orc wizard.
The orc wizard is heavily wounded.
The orc wizard hits you but does no damage.
The orc priest hits you but does no damage.
You miss the orc wizard.
The orc wizard is heavily wounded.
The orc priest hits you from afar with a +0 trident of flaming.
The orc priest burns you.
The orc wizard hits you but does no damage.
You take 5 damage, and have 11/36 hp.
You closely miss the orc wizard.
The orc wizard is heavily wounded.
The orc wizard hits you with a +0 dagger.
* * * LOW HITPOINT WARNING * * *
The orc priest hits you but does no damage.
You take 1 damage, and have 10/36 hp.
You scratch the orc wizard.
The orc wizard is almost dead.
The orc wizard casts a spell at you.
The puff of flame hits you but does no damage.
The orc priest calls down the wrath of Beogh upon you.
Beogh smites you!
You die...

.##...... .. #..# .#
........ .# #..# .
.##....# #.#....... .
.......# #.#.#.#..#.#
.###...# #.#.#.#..#.# ##
#...# #..........
####...###.#...o..#
...........# #.#o# ##
####..####.###.#@##....
####.)..................
......####.............#
#####.# #.###.#########
### ### ###


You could see an orc priest and an orc wizard.

Vanquished Creatures
  An adder (D:2)
  4 dart slugs
  6 orcs (D:3)
  9 bats
  2 endoplasms (D:1)
  A giant cockroach (D:1)
  5 goblins
  5 hobgoblins
  3 quokkas
  7 ball pythons
  A frilled lizard (D:1)
  4 kobolds
  A rat (D:1)
49 creatures vanquished.

Notes
Turn   | Place    | Note
-------+----------+-------------------------------------------
     0 | D:1      | Dirtsage the Demonspawn Berserker began the quest for the
                  | Orb.
     0 | D:1      | Reached XP level 1. HP: 18/18 MP: 1/1
   131 | D:1      | Gained mutation: You have sharp fingernails. [demonic
                  | ancestry]
   131 | D:1      | Reached XP level 2. HP: 23/24 MP: 2/2
   362 | D:1      | Gained mutation: You have very sharp fingernails. [demonic
                  | ancestry]
   362 | D:1      | Reached XP level 3. HP: 26/29 MP: 3/3
   446 | D:1      | Reached ** piety under Trog
   687 | D:2      | Found a faded altar of an unknown god.
   742 | D:2      | Identified the +3 chain mail of Vicil {Drain rPois Regen+}
  1140 | D:2      | Reached skill level 1 in Unarmed Combat
  1441 | D:3      | Gained mutation: You sometimes gain a little power by
                  | taking damage. [demonic ancestry]
  1441 | D:3      | Reached XP level 4. HP: 36/36 MP: 4/4
  1511 | D:3      | Killed from afar by an orc priest

Illustrated notes

Levels and vault maps discovered:
D:1:      minmay_arrival_solitary_statue, layout_basic, minmay_tetromino_i4
D:2:      layout_loops_ring, nicolae_ecumenical_lake_church
D:3:      wad_pebble_path, layout_basic, minitemple, st_stairs_7, uniq_sigmund

Skill      XL: |  1  2  3  4 |
---------------+-------------+-----
Axes           | 3 |  3.3
Unarmed Combat | 1 2 |  2.0
Fighting       | |  3.6
Armour         | |  1.7
Dodging        | |  1.7

Action                     |  1- 3 |  4- 6 || total
---------------------------+-------+-------++-------
  Melee: Hand axe          |    58 |       ||    58
         Punch             |     1 |       ||     1
         Unarmed           |    80 |    18 ||    98
 Armour: Animal skin       |    49 |       ||    49
         Chain mail        |    45 |    18 ||    63
         Ring mail         |    21 |       ||    21
  Dodge: Dodged            |   112 |     7 ||   119

Table legend: (Time is in decaauts)
 A = Elapsed time spent in this place.
 B = Non-inter-level travel time spent in this place.
 C = Inter-level travel time spent in this place.
 D = Time resting spent in this place.
 E = Time spent auto-exploring this place.
 F = Levels seen in this place.
 G = Mean time per level.
                   A        B        C        D        E       F      G
               +--------+--------+--------+--------+--------+-----+--------+
         Total |   1519 |   1402 |    117 |      2 |   1074 |   3 |  506.3 |
       Dungeon |   1519 |   1402 |    117 |      2 |   1074 |   3 |  506.3 |
               +--------+--------+--------+--------+--------+-----+--------+

Top non-repeatable levels by time:
     D:2: 693 daAuts
     D:1: 648 daAuts
     D:3: 177 daAuts
